[Event "*** Titled Tuesday Blitz"]
[Site "Chess.com"]
[Date "2021.03.30"]
[Round "7"]
[White "kuli4ik"]
[Black "Duhless"]
[Result "1-0"]
[WhiteElo "2871"]
[BlackElo "3035"]
[TimeControl "180+1"]
[EndTime "11:19:02 PDT"]
[Termination "kuli4ik won on time"]

1. Nf3 Nf6 2. g3 b6 3. Bg2 Bb7 4. O-O c5 5. c4 g6 6. Nc3 Bg7 7. Re1 O-O 8. e4 Nc6 9. d3 d6 10. a3 Nd7 11. Rb1 Nd4 12. Nxd4 cxd4 13. Ne2 e5 14. g4 f5 15. gxf5 gxf5 16. exf5 Bxg2 17. Kxg2 Rxf5 18. Ng3 Rf7 19. Ne4 Nc5 20. b4 Nxe4 21. Rxe4 Qf6 22. Rb2 Raf8 23. f4 Bh6 24. Kh1 exf4 25.
Qf3 Kh8 26. Rg2 Re7 27. Rge2 Rxe4 28. Rxe4 Qh4 29. Bd2 Qg5 30. Be1 Bg7 31. Bf2 Be5 32.
Re1 Qf5 33. Rg1 Rg8 34. Rxg8+ Kxg8 35. Qa8+ Kg7 36. Qf3 Kg6 37. Kg2 Qg5+ 38. Kf1 Qh5 39. Kg2 Kg5 40. Qxh5+ Kxh5 41. Kf3 Kg5 42. b5 Kf5 43. a4 Bf6 44. h3 h5 45. Be1 Be7 46. Bd2 Bg5 47. a5 Ke5 48. a6 d5 49. c5 Bd8 50.
Bxf4+ Ke6 51. c6 Be7 52. Bb8 Bd6 53. c7 1-0

[Event "*** Titled Tuesday Blitz"]
[Site "Chess.com"]
[Date "2021.03.30"]
[Round "7"]
[White "DeTimmerman"]
[Black "Bigfish1995"]
[Result "1-0"]
[WhiteElo "2754"]
[BlackElo "2994"]
[TimeControl "180+1"]
[EndTime "11:19:02 PDT"]
[Termination "DeTimmerman won on time"]

1. b4 Na6 2. b5 Nc5 3. a4 Ne4 4. Bb2 Nef6 5. Nf3 Nh6 6. e3 Nfg8 7. Be2 f6 8. O-O Nf7 9. d4 g6 10. c4 Bg7 11. Nc3 Ngh6 12. Nd2 O-O 13. Qc2 e5 14. Rad1 d6 15. Nd5 Be6 16. dxe5 fxe5 17. Ne4 b6 18. Nb4 Qe8 19. Nc3 Nf5 20. Ncd5 Rc8 21. Nc6 a5 22. e4 Bxd5 23. cxd5 Ne7 24. Bg4 Nxc6 25. Qxc6 Qxc6 26. bxc6 Rb8 27. Be2 Bf6 28. f4 Kg7 29. g3 exf4 30. Bxf6+ Kxf6 31. gxf4 Kg7 32. Kf2 g5 33. Rg1 Kh8 34. Bh5 Ne5 35. f5 Rg8 36. Ke3 b5 37.
Rb1 b4 38. Be2 b3 39. Bb5 Rxb5 40. axb5 a4 41. f6 b2 42. f7 Rf8 43. Rxg5 a3 44.
Rbg1 Nxf7 45. R5g2 Ne5 46. Kd4 Nf3+ 47. Kc3 Nxg1 48.
Rxg1 Rb8 49. Kb3 Rxb5+ 50. Ka2 Rb4 51. Rb1 Rxe4 52. Kxa3 Re2 53. Ka2 Kg7 54. Rg1+ Kf6 55. Rg8 Re7 56. Rd8 h5 57. Kxb2 1-0

[Event "*** Titled Tuesday Blitz"]
[Site "Chess.com"]
[Date "2021.03.30"]
[Round "7"]
[White "Larciano"]
[Black "dpopadic"]
[Result "1-0"]
[WhiteElo "1963"]
[BlackElo "2291"]
[TimeControl "180+1"]
[EndTime "11:19:02 PDT"]
[Termination "Larciano won on time"]

1. e4 c5 2. c3 g6 3. d4 cxd4 4. cxd4 d6 5. Nc3 Bg7 6. h3 Nc6 7. Nf3 Nf6 8. Bc4 O-O 9. O-O a6 10. a3 b5 11. Ba2 Bb7 12. Re1 e5 13. dxe5 Nxe5 14. Bg5 h6 15. Bh4 g5 16. Bg3 Qe7 17. Qe2 Rfd8 18. Nd4 Ne8 19. Nf5 Qf6 20. Rad1 Bf8 21.
Bd5 Bxd5 22. Nxd5 Qe6 23. h4 gxh4 24. Bxh4 Rd7 25. Nb6 Rda7 26. Nxa8 Rxa8 27. Rd2 Ng6 28. Bg3 Rc8 29. Red1 Rc6 30. Nd4 Qc8 31. Nxc6 Qxc6 32. Rc2 Qb7 33. e5 dxe5 34. Bxe5 Qe7 35. Bc3 Qxe2 36.
Rxe2 Nc7 37. Rd8 Ne6 38. Ra8 Ngf4 39. Rd2 Kh7 40. Rxa6 Bc5 41. Ra8 Kg6 42. g3 Nh3+ 43. Kg2 Nhg5 44. b4 Bb6 45. Be5 Kf5 46. Ba1 Ne4 47.
Re2 N6g5 48. Rb8 Bc7 49. Rxb5+ Kg6 50. f3 Nd6 51. Rc5 Bb8 52. Rc6 Kh7 53. a4 Nf5 54. f4 Ne6 55. Rexe6 fxe6 56. Rxe6 1-0

[Event "*** Titled Tuesday Blitz"]
[Site "Chess.com"]
[Date "2021.03.30"]
[Round "7"]
[White "KuzubovYuriy"]
[Black "LionTheLeon_06"]
[Result "1-0"]
[WhiteElo "2860"]
[BlackElo "2691"]
[TimeControl "180+1"]
[EndTime "11:19:03 PDT"]
[Termination "KuzubovYuriy won on time"]

1. d4 Nf6 2. Nf3 e6 3. c4 b6 4. g3 Bb7 5. Bg2 Be7 6. Nc3 Ne4 7. Bd2 d6 8. d5 Nxd2 9. Qxd2 e5 10. e4 Nd7 11. h4 h5 12. Bh3 g6 13. Qc2 c5 14.
O-O-O a6 15. Kb1 Bf6 16. g4 hxg4 17. Bxg4 Be7 18. h5 gxh5 19. Rxh5 Rxh5 20. Bxh5 Nf6 21. Rh1 Qd7 22. Qe2 Nxh5 23. Rxh5 O-O-O 24. Rf5 Rf8 25. Nd1 Kc7 26. Ne3 Bc8 27. Rh5 Qe8 28. Nd2 Rh8 29. Ndf1 Qg8 30. Ng3 Rxh5 31. Qxh5 Bg5 32.
Nef5 Qg6 33. Qh8 Bf4 34. a3 Bxg3 35. Nxg3 Qg5 36. Qf8 Bd7 37. Qxf7 Qd2 38. Qf3 Qe1+ 39. Ka2 Qd2 40. Qe2 Qc1 41. Qd3 b5 42. Ne2 bxc4 43. Nxc1 cxd3 44. Nxd3 Bb5 45. Ne1 Bc4+ 46. Kb1 Kb6 47.
Kc2 Kb5 48. b3 Be2 49. Kd2 Bg4 50. f3 Bh5 51. Ke3 a5 52. Nd3 a4 53. b4 1-0

[Event "*** Titled Tuesday Blitz"]
[Site "Chess.com"]
[Date "2021.03.30"]
[Round "7"]
[White "Eltaj_Safarli"]
[Black "chess94cu"]
[Result "1-0"]
[WhiteElo "2872"]
[BlackElo "2599"]
[TimeControl "180+1"]
[EndTime "11:19:04 PDT"]
[Termination "Eltaj_Safarli won by resignation"]

1. e4 e5 2. Nf3 Nc6 3. Nc3 Nf6 4. a3 Be7 5. d4 exd4 6. Nxd4 O-O 7. Nxc6 dxc6 8.
Qxd8 Rxd8 9. f3 Be6 10. Bf4 Rd7 11. Bd3 Nh5 12. Bd2 Bd6 13. O-O-O Nf4 14. Bf1 f5 15. g3 Ng6 16. exf5 Bxf5 17. f4 Re8 18. Bc4+ Kf8 19. Rde1 Rde7 20. Rxe7 Rxe7 21. Re1 Rxe1+ 22. Bxe1 Ke7 23.
Nd1 Bc5 24. Bf2 Bxf2 25. Nxf2 h5 26. Kd2 Kd6 27. Bd3 Ke6 28. Ke3 b6 29. Bxf5+ Kxf5 30. h3 Ne7 31. g4+ hxg4 32. hxg4+ Ke6 33. c4 c5 34. f5+ Ke5 35. Nd3+ Kf6 36. Kf4 g5+ 37. Ke4 Nc6 38. Nf2 Ne5 39. b3 c6 40. Ke3 Kf7 41. Kd2 a5 42. a4 Ke7 43. Ke2 Kf7 44.
Kf1 Kg7 45. Kg2 Kh6 46. Kg3 Kg7 47. Ne4 Kh6 48. Nd6 Nd3 49. Nf7+ Kg7 50. Nxg5 Nc1 51. Ne6+ Kf6 52. Kf4 Nxb3 53. g5+ Ke7 54. Ke5 Nd2 55. f6+ Kf7 56. Kf5 Nxc4 57. g6+ Ke8 58. f7+ Kd7 59. f8=Q Nd6+ 60. Qxd6+ Kxd6 61. g7 1-0

[Event "*** Titled Tuesday Blitz"]
[Site "Chess.com"]
[Date "2021.03.30"]
[Round "7"]
[White "sergeikim"]
[Black "GregShahade"]
[Result "1/2-1/2"]
[WhiteElo "2515"]
[BlackElo "2694"]
[TimeControl "180+1"]
[EndTime "11:19:04 PDT"]
[Termination "Game drawn by repetition"]

1. d4 Nf6 2. c4 g6 3. Nc3 d5 4. cxd5 Nxd5 5. e4 Nxc3 6. bxc3 Bg7 7. Bc4 c5 8. Ne2 Nc6 9. Be3 O-O 10. O-O e6 11.
Qd2 b6 12. Rad1 Bb7 13. Bh6 Bxh6 14. Qxh6 cxd4 15. cxd4 Na5 16. Bd3 Rc8 17. h4 Nc4 18. Rb1 Qe7 19. Rfc1 Nd6 20. Ng3 e5 21. d5 f6 22. Qe3 Qd7 23. Be2 Rxc1+ 24. Rxc1 Rc8 25. Kh2 Kg7 26. h5 Rc7 27. Rxc7 Qxc7 28. f4 Nf7 29. f5 g5 30. h6+ Nxh6 31. Nh5+ Kf7 32. Qa3 a5 33. d6 Qd8 34. Bc4+ Ke8 35. Qa4+ Kf8 36. Qa3 Nf7 37. Bxf7 Kxf7 38. Qb3+ Kf8 39. Qe6 Bc8 40.
Qd5 Qd7 41. Nxf6 Qf7 42. Qxe5 Bd7 43. Nd5 Qh5+ 44. Kg1 Qd1+ 45. Kh2 Qh5+ 46. Kg3 Qh4+ 47. Kf3 g4+ 48. Ke3 Qe1+ 49. Kf4 Qf2+ 50. Kxg4 Qxg2+ 51. Kh4 Qh1+ 52. Kg5 Qg2+ 53. Kh4 Qh1+ 54. Kg5 Qg2+ 55. Kh4 1/2-1/2

[Event "*** Titled Tuesday Blitz"]
[Site "Chess.com"]
[Date "2021.03.30"]
[Round "7"]
[White "Zkid"]
[Black "Rozum_Ivan"]
[Result "1-0"]
[WhiteElo "2846"]
[BlackElo "2736"]
[TimeControl "180+1"]
[EndTime "11:19:05 PDT"]
[Termination "Zkid won by resignation"]

1. e4 c6 2. d4 d5 3. exd5 cxd5 4. Bd3 Nf6 5. c3 g6 6. Nf3 Bf5 7. Be2 Bg7 8. O-O O-O 9. Bf4 Nc6 10. Nbd2 Ne4 11. Nxe4 Bxe4 12. Nd2 Bf5 13. Re1 e5 14. dxe5 Nxe5 15. Nf3 Nc6 16. Be3 Re8 17. Qd2 Qa5 18.
a3 Rad8 19. Rad1 a6 20. h3 Qc7 21. Bh6 Bh8 22. Bf4 Qd7 23. Bg5 f6 24. Be3 Be6 25.
Nd4 Bf7 26. Nxc6 Qxc6 27. Bd4 Bg7 28. Bd3 Rxe1+ 29. Rxe1 Re8 30. Rxe8+ Qxe8 31. Qf4 Qd8 32. a4 Be6 33. b4 Kf7 34. a5 Qd7 35. h4 h5 36. Qg3 f5 37. Bxg7 Kxg7 38. Qe5+ Kf7 39. Kh2 Qe7 40. g3 Qf6 41. Qc7+ Qe7 42. Qb8 d4 43.
cxd4 Qxb4 44. Qc7+ Qe7 45. Qe5 Qd7 46. Bf1 Bd5 47.
Qh8 Qd6 48. Bg2 Bxg2 49. Kxg2 Qd5+ 50. Kh2 Qxa5 51. Qh7+ Kf6 52. Qxb7 Qb5 53. Qc8 a5 54. Qf8+ Ke6 55. Qg7 Kd5 56. Qxg6 Kxd4 57. Qxh5 a4 58. Qd1+ Kc3 59. Qc1+ Kd4 60. h5 f4 61. Qxf4+ Kc3 62. Qc1+ Kb3 63. Qb1+ Kc4 64. Qxb5+ Kxb5 65. h6 a3 66. h7 a2 67. h8=Q 1-0

[Event "*** Titled Tuesday Blitz"]
[Site "Chess.com"]
[Date "2021.03.30"]
[Round "7"]
[White "Jungle_Jaguar"]
[Black "sokidze"]
[Result "1-0"]
[WhiteElo "2615"]
[BlackElo "2771"]
[TimeControl "180+1"]
[EndTime "11:19:05 PDT"]
[Termination "Jungle_Jaguar won on time"]

1. Nf3 c5 2. b3 Nc6 3. Bb2 d6 4. c4 e5 5. e3 g6 6. d4 exd4 7. exd4 Bg7 8. Be2 Nge7 9. O-O O-O 10. Na3 Bg4 11. h3 Bxf3 12. Bxf3 Nxd4 13. Bxd4 Bxd4 14.
Rb1 Nc6 15. Nb5 Be5 16. Qd3 a6 17. Bxc6 bxc6 18. Nc3 Qc7 19. Rbd1 Rad8 20. Ne4 Rfe8 21. Kh1 Bd4 22. Qf3 Qe7 23. Rfe1 f5 24. Ng3 Qd7 25.
Ne2 Be5 26. Nf4 Bf6 27. Rxe8+ Rxe8 28. Qd3 Be5 29. Ne2 Re6 30. Ng1 Bd4 31. Rf1 Qe7 32. Nf3 Bf6 33. Rd1 Kg7 34. Rd2 Qf7 35. g3 Qe7 36.
Kg2 Be5 37. h4 Bf6 38. Ng1 Bd4 39. Nf3 Re4 40. Qc2 Qf6 41. Qd1 h6 42. Rd3 g5 43.
hxg5 hxg5 44. Qd2 g4 45. Nh4 f4 46. f3 Re3 47. fxg4 Rxd3 48. Qxd3 fxg3 49. Nf5+ Kf7 50. Qxg3 Be5 51. Qh3 Qg5 52. Qh7+ Ke6 53. Kh3 Bf6 54.
Qc7 Qf4 55. Qc8+ Kf7 56. Qd7+ Kg8 57. Qe8+ Kh7 58. Qf7+ 1-0

[Event "*** Titled Tuesday Blitz"]
[Site "Chess.com"]
[Date "2021.03.30"]
[Round "7"]
[White "MarcoRiehle"]
[Black "Fandorine"]
[Result "1-0"]
[WhiteElo "2717"]
[BlackElo "2871"]
[TimeControl "180+1"]
[EndTime "11:19:08 PDT"]
[Termination "MarcoRiehle won on time"]

1. e4 g6 2. d4 Bg7 3. c4 d6 4.
Nc3 Nf6 5. f3 O-O 6. Be3 a6 7.
Qd2 Nbd7 8. Nge2 b5 9. g4 bxc4 10. Ng3 c5 11. h4 cxd4 12. Bxd4 Ne5 13. Bxe5 dxe5 14. Qxd8 Rxd8 15. Bxc4 e6 16. Rd1 Rd4 17.
Bb3 h6 18. Nge2 Rxd1+ 19. Kxd1 Bb7 20. Kc2 Bf8 21. Rd1 Rc8 22. a3 Bc5 23. Kb1 Bf2 24. Rh1 Kg7 25. Bc2 Ne8 26. h5 g5 27. Rd1 Bc5 28.
b4 Be3 29. Bb3 Nc7 30. a4 Bc6 31. Kb2 Kf8 32. Ka3 Ke7 33. Bc4 Be8 34. Bd3 Bb6 35. Rc1 a5 36. b5 Be3 37. Rc2 Bb6 38. Nd1 Rd8 39. Nb2 Na8 40. Rc3 Bf2 41. Nc4 Be1 42. Rb3 Bb4+ 43. Kb2 Bd7 44. Nxe5 Be8 45. Kc2 Nb6 46. Nc4 Rc8 47. Rxb4 axb4 48. Kb3 Nxc4 49. Bxc4 Rd8 50. a5 Rd1 51. Kxb4 Kd6 52. Nc3 Rd2 53. a6 Rb2+ 54. Ka3 Rc2 55. a7 Rxc3+ 56. Kb4 Rxf3 57. a8=Q 1-0

[Event "*** Titled Tuesday Blitz"]
[Site "Chess.com"]
[Date "2021.03.30"]
[Round "7"]
[White "suneebaker"]
[Black "Das_Virus_2020"]
[Result "1-0"]
[WhiteElo "2165"]
[BlackElo "2463"]
[TimeControl "180+1"]
[EndTime "11:19:08 PDT"]
[Termination "suneebaker won on time"]

1. Nf3 Nf6 2. c4 c5 3. g3 Nc6 4. Bg2 d5 5. cxd5 Nxd5 6. O-O e6 7. Nc3 Nc7 8. d3 Be7 9. Be3 O-O 10. Rc1 Rb8 11.
Ne4 b6 12. a3 Bb7 13. Bf4 Rc8 14. Qa4 a5 15. Ne5 Nd5 16. Nxc6 Bxc6 17. Qc2 Nxf4 18.
gxf4 Bd5 19. Ng3 g6 20. e4 Bb7 21. f5 exf5 22. exf5 Bxg2 23. Kxg2 Qd5+ 24. Kg1 Rcd8 25. fxg6 hxg6 26. Rfe1 Bf6 27. Rcd1 Kg7 28. Re4 Rh8 29. Qe2 Qg5 30. Qf3 Rd4 31. Rde1 Rhd8 32. Rxd4 Bxd4 33. Kg2 Qd5 34. Ne4 Bxb2 35. Rb1 Qd4 36. Ng5 Rd7 37. Rd1 b5 38. Ne4 b4 39. axb4 cxb4 40. Rb1 a4 41.
Nc5 Qxc5 42. Rxb2 a3 43. Re2 Qc3 44. Re8 b3 45. Qa8 b2 46. Rg8+ Kh6 47. Qf8+ Kg5 48.
Rh8 Qc6+ 49. f3 Rxd3 50. Qh6+ Kf6 51. Qh4+ Ke6 52. Qg4+ 1-0

[Event "*** Titled Tuesday Blitz"]
[Site "Chess.com"]
[Date "2021.03.30"]
[Round "7"]
[White "karwowskikacper"]
[Black "WonderChampion"]
[Result "1-0"]
[WhiteElo "2430"]
[BlackElo "2111"]
[TimeControl "180+1"]
[EndTime "11:19:08 PDT"]
[Termination "karwowskikacper won by checkmate"]

1. e4 c5 2. Nf3 g6 3. c3 Bg7 4.
d4 cxd4 5. cxd4 Nc6 6. Nc3 d6 7. Be3 Nf6 8. h3 O-O 9. Rc1 a6 10. Bd3 Bd7 11. O-O b5 12. a3 Rb8 13. b4 e5 14.
dxe5 dxe5 15. Bc5 Re8 16. Bb1 Be6 17. Qc2 Bc4 18. Rfd1 Qc8 19. Ba2 Bxa2 20. Qxa2 a5 21. Ng5 Qb7 22. Nd5 Nxd5 23. exd5 Nd4 24. Ne4 Red8 25.
Nc3 axb4 26. axb4 Ra8 27. Qb2 Nf5 28. d6 e4 29. Qc2 Ra3 30. Nxe4 Rda8 31. Rd2 Bh6 32.
Rcd1 Bxd2 33. Qxd2 Ra1 34. Nf6+ Kg7 35. Rxa1 Rxa1+ 36. Kh2 Kxf6 37. d7 Qc7+ 38. g3 Qd8 39. Bd4+ Ke7 40. Bxa1 Qxd7 41. Qe2+ Kd8 42. Bf6+ Kc7 43.
Qc2+ Kb6 44. Qc5+ Kb7 45. g4 Qd6+ 46. Be5 Qxc5 47. bxc5 Kc6 48. gxf5 gxf5 49. Bf6 Kxc5 50. Kg3 Kc4 51. Kf4 b4 52. Kxf5 b3 53. f4 Kd3 54.
Be5 Kc2 55. Kf6 b2 56. Bxb2 Kxb2 57. Kxf7 Kc3 58. f5 Kd3 59. f6 Ke4 60. Kg7 Ke5 61. f7 Ke6 62. f8=Q Ke5 63. Qf6+ Ke4 64. Kxh7 Kd3 65. Kg6 Kc2 66. Kf5 Kc1 67. h4 Kd1 68. h5 Kd2 69. h6 Kc2 70. h7 Kd2 71. h8=R Ke2 72. Re8+ Kd2 73. Re7 Kc2 74. Qf8 Kd2 75. Qd8+ Kc2 76. Rc7+ Kb2 77. Qb8+ Ka2 78. Ra7# 1-0

[Event "*** Titled Tuesday Blitz"]
[Site "Chess.com"]
[Date "2021.03.30"]
[Round "7"]
[White "Treacherous_horse64"]
[Black "novocane"]
[Result "0-1"]
[WhiteElo "2412"]
[BlackElo "2228"]
[TimeControl "180+1"]
[EndTime "11:19:08 PDT"]
[Termination "novocane won by checkmate"]

1. d4 Nf6 2. c4 e6 3. Nc3 Bb4 4.
e3 O-O 5. Bd3 d5 6. cxd5 exd5 7.
Ne2 c5 8. dxc5 Nbd7 9. a3 Bxc5 10. b4 Bd6 11. Bb2 Ne5 12. O-O Qe7 13. Nd4 Be6 14.
Be2 Rad8 15. Rc1 Nc4 16. Qb3 Nd2 17. Qc2 Nxf1 18. Rxf1 Rc8 19. Qb3 Ne4 20. Nd1 Nd2 21. Qd3 Nxf1 22. Bxf1 a6 23. g3 Rc7 24. Kg2 Rfc8 25.
Nc3 Be5 26. Be2 Qf6 27. Bf3 Bxd4 28. exd4 Qd8 29. Ne2 Rc2 30. Bc3 Ra2 31. Be1 Qc7 32.
Qb3 Qc4 33. Qe3 h6 34. Nf4 Qc6 35. Nd3 Rxa3 36. Qe2 Qc4 37. Nc5 Qxe2 38. Bxe2 Rc7 39. Bd2 Ra2 40. Nb3 Rcc2 41. Bd1 Rxd2 42. Nxd2 Rxd2 43. Ba4 Rxd4 44. Be8 Rxb4 45. Kf3 a5 46. Ke3 a4 47. Bxa4 Rxa4 48. f4 Rc4 49. f5 Bxf5 50. g4 Be6 51. h3 b5 52. Kf3 b4 53.
Kg3 b3 54. Kh4 b2 55. Kh5 b1=Q 56. Kh4 Qe1+ 57. Kh5 g6+ 58. Kxh6 Qh4# 0-1

[Event "*** Titled Tuesday Blitz"]
[Site "Chess.com"]
[Date "2021.03.30"]
[Round "7"]
[White "RaphCamora"]
[Black "AEMEffi"]
[Result "1-0"]
[WhiteElo "2397"]
[BlackElo "2261"]
[TimeControl "180+1"]
[EndTime "11:19:09 PDT"]
[Termination "RaphCamora won by resignation"]

1. e4 d5 2. exd5 Qxd5 3. Nc3 Qd6 4.
d4 Nf6 5. Nf3 c6 6. Ne5 Be6 7.
f4 g6 8. Be2 Bg7 9. O-O Nbd7 10. Be3 Nb6 11. Qd2 O-O-O 12. a4 Nbd5 13. a5 Nxc3 14.
bxc3 Nd5 15. a6 b6 16. Bf3 f6 17.
Nc4 Qc7 18. Rfe1 Rhe8 19. Nb2 Bf5 20. Nd3 e5 21. fxe5 fxe5 22. Bg5 e4 23. Bxd8 Qxd8 24. Be2 exd3 25. Bxd3 Rf8 26. Rf1 Bxd3 27. cxd3 c5 28. Rxf8 Qxf8 29. Rf1 Qe7 30. Re1 Qd7 31. Kh1 cxd4 32.
c4 Ne3 33. Qf2 Qf5 34. Qxf5+ gxf5 35. g3 Kd7 36. Kg1 Kd6 37. Kf2 Ke5 38. Kf3 Bf8 39.
Rb1 Bc5 40. h4 h5 41. Re1 Bb4 42. Re2 Bc3 43. Ra2 Nd1 44. Ra3 Nb2 45. Ke2 f4 46.
Rb3 fxg3 47. Rxb6 g2 48. Rg6 g1=Q 49. Rxg1 Ba5 50. Rg5+ Kf4 51. Rxa5 Kg4 52. Rb5 Na4 53. Rb7 Nc5 54. Rxa7 Kxh4 55. Ra8 Kg3 56. a7 1-0

[Event "*** Titled Tuesday Blitz"]
[Site "Chess.com"]
[Date "2021.03.30"]
[Round "7"]
[White "Tpros"]
[Black "nrvisakh"]
[Result "0-1"]
[WhiteElo "2461"]
[BlackElo "2794"]
[TimeControl "180+1"]
[EndTime "11:19:11 PDT"]
[Termination "nrvisakh won on time"]

1. c4 g6 2. g3 Bg7 3. Bg2 c6 4. d3 Nf6 5. Nf3 O-O 6. O-O d5 7. Nbd2 Na6 8. a3 Bg4 9. h3 Bxf3 10. Bxf3 e5 11. Rb1 Re8 12. cxd5 cxd5 13. Bg2 Rc8 14. Nf3 Qe7 15. Qa4 Nc5 16. Qxa7 e4 17. dxe4 dxe4 18. Nd4 Nd5 19. b4 Ra8 20. Qxc5 Qxc5 21.
bxc5 Bxd4 22. Rxb7 Bxc5 23. Rb5 Rac8 24. Bh6 Nc3 25.
Rb2 e3 26. Bxe3 Bxe3 27. fxe3 Rxe3 28. Kf2 Re5 29. Bf3 Ra5 30. Rb3 Nb5 31. Ra1 Rc2 32.
a4 Nd4 33. Rd3 Ne6 34. h4 Kg7 35. Raa3 Rcc5 36. Re3 h5 37. Re4 Rf5 38. Rb4 Rfc5 39. Kg2 Re5 40. Kf2 Kf6 41. Kg2 Rec5 42. Kf2 Ke7 43.
Kg2 Nc7 44. Kf2 Ra7 45. Rb7 Rxb7 46. Bxb7 Ra5 47. Bf3 Ne6 48. Ke3 Kd6 49. Kd2 Nc5 50. Ke3 Ra7 51. Kd4 Nxa4 52. e4 Ke7 53. g4 Rd7+ 54.
Ke3 Nb6 0-1

[Event "*** Titled Tuesday Blitz"]
[Site "Chess.com"]
[Date "2021.03.30"]
[Round "7"]
[White "BogdanDeac"]
[Black "Balla_Tamas"]
[Result "1-0"]
[WhiteElo "3011"]
[BlackElo "2543"]
[TimeControl "180+1"]
[EndTime "11:19:13 PDT"]
[Termination "BogdanDeac won by resignation"]

1. b3 e5 2. Bb2 Nc6 3. e3 a6 4. Nf3 d6 5. d4 e4 6. d5 Nb4 7.
Nfd2 Nxd5 8. Nxe4 Ngf6 9. Bc4 Nxe4 10. Qxd5 Qe7 11. Bd3 Nf6 12. Qg5 Ng4 13. Qf4 Ne5 14.
Nc3 Nxd3+ 15. cxd3 Be6 16. O-O Qd7 17. Ne4 d5 18.
Ng5 Bd6 19. Qh4 f6 20. Qh5+ Bf7 21. Nxf7 Qxf7 22. Qf3 O-O 23. Rac1 c6 24. Bd4 Rfe8 25.
Bc5 Bc7 26. b4 Re6 27. a4 f5 28. b5 axb5 29. axb5 f4 30. bxc6 bxc6 31. e4 dxe4 32. dxe4 Rae8 33. Rfe1 Qg6 34. Qb3 h6 35. f3 Kh7 36.
Red1 h5 37. Rd7 Be5 38. Qd3 h4 39. h3 Bf6 40. Bf2 Qg5 41. Rc5 Qg6 42. Qc4 Be5 43.
Bd4 Bxd4+ 44. Qxd4 Rf6 45. Qf2 Qg3 46. Rh5+ Kg6 47.
Rxh4 Qxf2+ 48. Kxf2 Rg8 49. Rg4+ Kh6 50. h4 g6 51. Rg5 Rc8 52. Re5 Rff8 53. Rc5 Rf6 54. Re7 Re6 55. Rxe6 1-0

[Event "*** Titled Tuesday Blitz"]
[Site "Chess.com"]
[Date "2021.03.30"]
[Round "7"]
[White "hypert"]
[Black "Loy_Konstantin"]
[Result "1/2-1/2"]
[WhiteElo "2530"]
[BlackElo "2343"]
[TimeControl "180+1"]
[EndTime "11:19:13 PDT"]
[Termination "Game drawn by repetition"]

1. Nc3 c5 2. d3 g6 3. g3 Bg7 4. Bg2 Nc6 5. h4 h5 6. Nh3 Nh6 7. Be3 d6 8. Bd2 Rb8 9. Qc1 Nf5 10.
Nf4 Bd7 11. a4 a6 12. Nd1 b5 13. axb5 axb5 14. c3 b4 15. e4 Nh6 16. Nd5 bxc3 17. bxc3 Ng4 18. N1e3 Nxe3 19. Nxe3 O-O 20. O-O Na5 21. Qc2 Nb3 22. Ra2 Nxd2 23. Qxd2 Be6 24.
Nd5 Bxd5 25. exd5 Qb6 26. c4 Qb4 27. Qe2 Bf6 28. Bf3 Qc3 29. Rc2 Qd4 30. Kg2 Rb3 31. Be4 Rfb8 32. g4 hxg4 33. Rh1 Rb2 34. Rhc1 Rxc2 35.
Rxc2 Bxh4 36. Qxg4 Bf6 37. Qf3 Rb2 38. Rxb2 Qxb2 39.
Qg4 Kg7 40. Qf3 Qe5 41. Qg3 Qxg3+ 42. Kxg3 Bd4 43. Bg2 f5 44. f4 Kf6 45. Kf3 g5 46.
fxg5+ Kxg5 47. Bf1 Kf6 48. Bh3 Ke5 49. Bf1 Bb2 50. Bh3 Bc1 51. Bf1 Kd4 52. Be2 Ke5 53. Bf1 e6 54. dxe6 Kxe6 55. Bh3 Ke5 56. Bf1 Kd4 57. Be2 Bg5 58. Bf1 Kc3 59. Be2 Kd2 60. Bf1 Ke1 61. Bh3 Kd2 62. Bxf5 Bf6 63. Ke4 Be5 64.
Kd5 Kc3 65. Be4 Kd2 66. Bh7 Ke3 67. Bg6 Kf4 68. Bh7 Ke3 69. Bg6 Kf4 70. Be4 Ke3 71. Bg6 1/2-1/2

[Event "*** Titled Tuesday Blitz"]
[Site "Chess.com"]
[Date "2021.03.30"]
[Round "7"]
[White "Aslanov_Umid"]
[Black "bazar-wokzal"]
[Result "1-0"]
[WhiteElo "2430"]
[BlackElo "2558"]
[TimeControl "180+1"]
[EndTime "11:19:13 PDT"]
[Termination "Aslanov_Umid won by checkmate"]

1. e4 Nc6 2. Nf3 d5 3. exd5 Qxd5 4. Nc3 Qa5 5. Be2 Bg4 6. O-O O-O-O 7. h3 Bh5 8. g4 Bg6 9. a3 h5 10. g5 h4 11. d3 Qf5 12. Nh2 e6 13. Bg4 Qc5 14. Be3 Qe7 15. f4 Qd7 16. Nf3 Nge7 17. Qe2 Nf5 18. Bxf5 Bxf5 19. Kh2 f6 20. Qf2 a6 21. b4 Ne7 22. b5 axb5 23. Rab1 c6 24. a4 b4 25.
Rxb4 Nd5 26. Nxd5 exd5 27. Rb6 Qd6 28. Rfb1 Rd7 29. a5 Be7 30. a6 bxa6 31. Nd4 c5 32. Rxd6 cxd4 33. Rc6+ Rc7 34. Rxc7+ Kxc7 35. Bxd4 fxg5 36.
Bb6+ Kc6 37. Ba7 Bd6 38. Rb6+ Kd7 39. Rb7+ Ke6 40. Qe2+ Kf6 41. Bd4+ Kg6 42. Rxg7+ Kh6 43. Be5 gxf4 44. Bxd6 Kxg7 45. Qe5+ Kg6 46. Qxh8 f3 47. Qxh4 Kf7 48. Qe7+ Kg6 49. Be5 Kh5 50. Qf6 Bg6 51. Bf4 Bf5 52. Qg5# 1-0

[Event "*** Titled Tuesday Blitz"]
[Site "Chess.com"]
[Date "2021.03.30"]
[Round "7"]
[White "skeyman"]
[Black "marianokar"]
[Result "0-1"]
[WhiteElo "2212"]
[BlackElo "2494"]
[TimeControl "180+1"]
[EndTime "11:19:15 PDT"]
[Termination "marianokar won by checkmate"]

1. Nf3 d5 2. e3 c6 3. c4 Nf6 4.
b3 g6 5. Bb2 Bg7 6. Nc3 O-O 7.
Ne2 Nbd7 8. Ng3 Re8 9. Qc2 e5 10. h4 h5 11. Ng5 Qe7 12. Bd3 Nf8 13. O-O a6 14. f4 e4 15. Be2 Bg4 16. Rae1 Bxe2 17.
Rxe2 Ng4 18. Bxg7 Kxg7 19. d3 exd3 20. Qxd3 dxc4 21. bxc4 Rad8 22. Qb1 Ne6 23. Nxh5+ Kg8 24. Nxe6 Qxe6 25. f5 Qe5 26. Nf4 gxf5 27. Rf3 b5 28.
Rg3 Rd6 29. c5 Rd7 30. h5 Red8 31. Re1 Kh8 32. Rxg4 fxg4 33. Qb3 Re7 34. Qxf7 Rxf7 35. Ng6+ Kh7 36. Nxe5 Rf5 37. Nxg4 Rxc5 38. h6 Rd2 39. e4 Rcc2 40. Ne3 Rxa2 41. Rf1 Re2 42. Rf7+ Kxh6 43. Rf6+ Kg7 44. Rf3 b4 45. Nf5+ Kg6 46. Rg3+ Kf6 47. Nd4 Ke5 48. Nxc6+ Kxe4 49. Nxb4 Ra1+ 50.
Kh2 a5 51. Nc6 a4 52. Rg4+ Kf5 53. Rh4 a3 54. Nb4 Kg5 55. Rh3 Ree1 56. Nd3 Red1 57. Nf2 Rf1 58. Ne4+ Kf4 59. Nd2 Rh1# 0-1

[Event "*** Titled Tuesday Blitz"]
[Site "Chess.com"]
[Date "2021.03.30"]
[Round "7"]
[White "anon6121824"]
[Black "gilbert_gm"]
[Result "0-1"]
[WhiteElo "2784"]
[BlackElo "2588"]
[TimeControl "180+1"]
[EndTime "11:19:16 PDT"]
[Termination "gilbert_gm won on time"]

1. e4 c6 2. d4 d5 3. Nc3 dxe4 4. Nxe4 Nf6 5. Nxf6+ exf6 6. c3 Bd6 7. Bd3 O-O 8. Ne2 Re8 9. Qc2 h5 10. Be3 Nd7 11.
O-O-O Nb6 12. c4 Bc7 13. h3 h4 14. Rhe1 Be6 15. Kb1 a5 16. d5 cxd5 17. Nd4 Bd7 18. c5 Nc4 19. Bxc4 dxc4 20. Qxc4 Qc8 21. Nf3 Bf5+ 22.
Ka1 Re4 23. Qd5 Be5 24. Bd4 Rxe1 25. Rxe1 Be6 26. Qe4 Bxd4 27. Qxd4 Qc7 28. Rc1 a4 29.
a3 Qc6 30. Nxh4 Qb5 31. Qc3 Qc6 32. Nf3 Qd5 33. b3 axb3 34. Kb2 Qe4 35. Rd1 Qa4 36.
Ra1 Qa6 37. Nd4 Qa4 38. f4 Bd5 39. g4 Re8 40. g5 fxg5 41. fxg5 Qd7 42. Rd1 Qc8 43.
h4 Qg4 44. Rd2 Qe4 45. h5 Qg4 46. h6 Qxg5 47. hxg7 Qxg7 48. Qb4 Kf8 49. Qc3 Kg8 50. Rd3 Re4 51. Rg3 Rg4 52. Rxg4 Qxg4 53. Ne2 Qxe2+ 0-1

[Event "*** Titled Tuesday Blitz"]
[Site "Chess.com"]
[Date "2021.03.30"]
[Round "7"]
[White "enriquetejedor"]
[Black "Mikhal867"]
[Result "1-0"]
[WhiteElo "2613"]
[BlackElo "2433"]
[TimeControl "180+1"]
[EndTime "11:19:16 PDT"]
[Termination "enriquetejedor won on time"]

1. e4 g6 2. h4 h6 3. h5 g5 4.
Nc3 Bg7 5. d4 d6 6. Be3 Nf6 7.
f3 a6 8. a4 Nc6 9. g4 O-O 10.
Nge2 Bd7 11. Qd2 b5 12. axb5 axb5 13. Rxa8 Qxa8 14. Nxb5 Qb7 15. Nec3 Nb4 16. Be2 Ra8 17. O-O Na2 18. Ra1 Nxc3 19. Rxa8+ Qxa8 20. Qxc3 Qa1+ 21. Kg2 c6 22. Na3 c5 23. dxc5 Nxe4 24. c6 Be6 25. Qb4 Nc5 26. Bd4 Bxd4 27. Qxd4 Qe1 28. Qf2 Qb4 29. Nb5 Na6 30. c7 Qa5 31. Nd4 Nxc7 32.
Nxe6 Nxe6 33. Bd3 Qe5 34. Kf1 Nf4 35. b3 Qa1+ 36. Qe1 Qd4 37. Qf2 Qc3 38. Qe1 Qc5 39.
Qd2 Nh3 40. Kg2 Nf4+ 41. Kf1 Qe5 42. Be4 d5 43. Bd3 e6 44. Qe1 Qd4 45. Qd2 Kg7 46.
Qd1 Nh3 47. Kg2 Nf2 48. Qe2 Nxd3 49. Qxd3 1-0